AoeStats
← Comend x comend

Fortress

507340394Analyzed
4v4 RM · 14d ago on Sep 17, 2026· 33m 33s· 8 players
Game mode
Random Map
Map size
Huge
Population
200
Speed
Normal
Resources
Standard
Victory
Conquest
Starting age
Dark Age
Ending age
Imperial Age
RankedLock teamsTeams togetherTeam positionsShared explorationLock speedFull tech treeHidden civsTurbo modeCheats
Victory
Defeat
🇬🇧 Italians · United Kingdom
1432
+15
🇬🇧 Gurjaras · United Kingdom
1427
+15
🇵🇹 Goths · Portugal
1390
+16
🇵🇪 Turks · Peru
1380
+17
🇨🇿 Maya · Czechia
1476
-19
🇹🇼 Khmer · Taiwan
1455
-18
🇹🇼 Britons · Taiwan
1338
-13
🇸🇪 Bohemians · Sweden
1335
-13
Comend x comend
9:25 Feudal Age
13:24 Castle Age
17:06 Imperial Age
15:58 Loom
20:19 Town Watch
Mike_raft
7:04 Feudal Age
6:44 Loom
11:09 Castle Age
9:01 Double-Bit Axe
9:18 Horse Collar
10:41 Bloodlines
11:49 Loom
12:22 Husbandry
12:29 Scale Barding Armor
17:38 Forging
19:20 Gold Mining
22:15 Wheelbarrow
22:39 Light Cavalry
23:59 Chain Barding Armor
23:58 Bow Saw
25:01 Iron Casting
24:37 Heavy Plow
28:12 Hand Cart
33:11 Imperial Age
冰人
8:08 Feudal Age
9:10 Double-Bit Axe
9:08 Horse Collar
11:59 Castle Age
11:26 Wheelbarrow
13:10 Bow Saw
12:48 Loom
12:50 Town Watch
13:29 Heavy Plow
18:42 Anarchy
19:36 Squires
19:54 Scale Mail Armor
21:22 Forging
24:12 Chain Mail Armor
27:25 Imperial Age
25:58 Stone Mining
25:59 Gold Mining
26:56 Iron Casting
26:12 Fletching
27:58 Ballistics
29:08 Blast Furnace
27:40 Elite Huskarl
28:40 Conscription
30:12 Hand Cart
29:54 Bodkin Arrow
31:00 Chemistry
30:11 Masonry
31:23 Bracer
31:19 Murder Holes
Oliver
7:16 Feudal Age
7:41 Feudal Age
8:01 Horse Collar
8:24 Double-Bit Axe
11:08 Castle Age
10:57 Fletching
11:08 Padded Archer Armor
12:09 Gold Mining
14:29 Bodkin Arrow
14:49 Leather Archer Armor
17:35 Ballistics
24:14 Bow Saw
24:05 Heavy Plow
25:11 Wheelbarrow
27:25 Imperial Age
29:34 Chemistry
29:10 Ring Archer Armor
30:40 Conscription
Rakosnik
7:05 Feudal Age
10:54 Castle Age
9:29 Double-Bit Axe
9:27 Horse Collar
13:21 Bow Saw
14:24 Wheelbarrow
16:23 Loom
16:54 Heavy Plow
17:50 Squires
18:13 Eagle Warrior
19:09 Scale Mail Armor
20:12 Arson
22:24 Hand Cart
26:57 Imperial Age
24:14 Arson
24:25 Gold Mining
26:13 Town Watch
27:15 Chain Mail Armor
27:10 Forging
27:00 Elite Eagle Warrior
28:19 Holcans
28:53 Plate Mail Armor
29:25 Iron Casting
31:29 Blast Furnace
pasonnosap
8:28 Feudal Age
12:04 Castle Age
10:28 Double-Bit Axe
10:28 Horse Collar
11:11 Gold Mining
17:30 Fletching
17:41 Padded Archer Armor
17:58 Loom
18:37 Bodkin Arrow
超可愛小海豹
6:36 Feudal Age
11:05 Castle Age
9:23 Double-Bit Axe
9:48 Horse Collar
12:15 Wheelbarrow
12:42 Loom
13:56 Bow Saw
16:57 Heavy Plow
18:01 Town Watch
25:10 Fortified Wall
26:11 Forging
26:06 Scale Barding Armor
BlackBelt
7:29 Feudal Age
12:47 Castle Age
10:38 Double-Bit Axe
10:40 Horse Collar
11:04 Loom
15:07 Bow Saw
16:37 Wheelbarrow
17:36 Town Watch
18:54 Heavy Plow
22:29 Chemistry
21:58 Padded Archer Armor
23:19 Leather Archer Armor
27:36 Elite Skirmisher
Connection lost

Rejoining the realm…

Still unreachable

The connection could not be restored.

Session expired

The server has moved on; the page needs a fresh start.